 Dungeon Crawl Stone Soup version 0.28.0-45-g0d030f2227 (webtiles) character file.

Game seed: 6644247554462729449

42757 Peloso the Fencer (level 13, -4/120 (123) HPs)
             Began as a Minotaur Fighter on Apr 15, 2022.
             Was a High Priest of Okawaru.
             Slain by a thrashing horror (6 damage)
             ... on level 1 of the Abyss.
             The game lasted 00:56:09 (21070 turns).

Peloso the Fencer (Minotaur Fighter)               Turns: 21070, Time: 00:56:10

HP:   -4/120 (123)  AC: 22    Str: 27    XL:     13   Next: 87%
MP:   14/14         EV:  8    Int:  7    God:    Okawaru [*****.]
Gold: 1483          SH: 18    Dex: 13    Spells: 12/12 levels left

rFire   . . .      SeeInvis .   a - +4 double sword (protect)
rCold   + . .      Faith    .   d - +2 tower shield {rC+}
rNeg    . . .      Spirit   .   Y - +6 chain mail "Qyruupuc" {Will+ Str+4 Int+2}
rPois   .          Reflect  .   J - +0 hat {Stlth+}
rElec   .          Harm     .   y - +1 cloak
rCorr   .          Rampage  .   I - +0 pair of gloves
Will    +....                   M - +1 pair of boots
Stlth   ..........              O - amulet of regeneration
HPRegen 0.00/turn               G - +4 ring of slaying
MPRegen 0.14/turn               (no ring)

@: sick, slowed, studying Ice Magic, lightly drained, very slow
A: horns 2, retaliatory headbutt, [deformed body]
a: Renounce Religion, Heroism, Finesse, Duel


You were on level 1 of the Abyss.
You worshipped Okawaru.
Okawaru was extremely pleased with you.
You visited 4 branches of the dungeon, and saw 17 of its levels.
You visited the Abyss 1 time.
You also visited: Sewer, Ice Cave and Volcano.

You collected 1483 gold pieces.

Inventory:

Hand Weapons
 a - a +4 double sword of protection (weapon)
 b - a +3 long sword of flaming
Armour
 c - a +0 kite shield
 d - a +2 tower shield of cold resistance (worn)
 y - a +1 cloak (worn)
 I - a +0 pair of gloves (worn)
 J - a +0 hat of stealth (worn)
 M - a +1 pair of boots (worn)
 Y - the +6 chain mail "Qyruupuc" (worn) {Will+ Str+4 Int+2}
   (Okawaru gifted it to you in an ice cave)

   Str:       It affects your strength (+4).
   Int:       It affects your intelligence (+2).
   Will:      It increases your willpower.
Jewellery
 C - a ring of willpower
 G - a +4 ring of slaying (left hand)
 K - a ring of see invisible
 O - an amulet of regeneration (around neck)
Wands
 H - a wand of digging (1)
Scrolls
 i - a scroll of blinking
 v - a scroll of identify
 w - a scroll of magic mapping
 x - 3 scrolls of noise
 E - 2 scrolls of enchant armour {unknown}
 Q - 2 scrolls of immolation
 T - a scroll of fear
Potions
 f - 3 potions of cancellation {unknown}
 j - 4 potions of curing
 o - 5 potions of ambrosia {unknown}
 p - 5 potions of haste {unknown}
 r - 2 potions of might
 t - a potion of lignification {unknown}
 A - 6 potions of flight
 B - a potion of magic {unknown}
 N - 2 potions of invisibility {unknown}
 P - a potion of berserk rage
 R - 3 potions of heal wounds {unknown}


   Skills:
 + Level 13.7 Fighting
 + Level 16.4 Long Blades
 + Level 14.5 Armour
 + Level 5.4 Dodging
 + Level 3.6 Stealth
 + Level 11.4 Shields
 + Level 2.9 Invocations
 + Level 2.7 Evocations


You had 12 spell levels left.
You didn't know any spells.
Your spell library contained the following spells:

 Spells                   Type           Power      Damage    Failure   Level
 Freeze                   Ice            0%         1d3       100%        1
 Pain                     Necr           0%         1d4       100%        1
 Slow                     Hex            0%         N/A       100%        1
 Sting                    Tmut/Pois      0%         1d3       100%        1
 Ensorcelled Hibernation  Hex/Ice        0%         N/A       100%        2
 Poisonous Vapours        Pois/Air       0%         N/A       100%        2
 Confusing Touch          Hex            0%         N/A       100%        3
 Frozen Ramparts          Ice            0%         1d2       100%        3
 Spider Form              Tmut/Pois      0%         N/A       100%        3
 Vampiric Draining        Necr           0%         2d6       100%        3
 Anguish                  Hex/Necr       0%         N/A       100%        4
 Hailstorm                Conj/Ice       0%         3d3       100%        4
 Olgreb's Toxic Radiance  Pois           0%         N/A       100%        4
 Agony                    Necr           0%         N/A       100%        5
 Excruciating Wounds      Necr           0%         N/A       100%        5


Dungeon Overview and Level Annotations

Branches:
Dungeon (12/15)            Temple (1/1) D:4            Lair (3/6) D:11
 Spider (0/4) Lair:2          Orc (1/2) D:11          Sewer (visited)
  IceCv (visited)         Volcano (visited)
  Swamp: Lair:2-4    Shoals: Lair:2-4

Altars:
Cheibriados
Elyvilon
Fedhas
Hepliaklqana
Makhleb
Nemelex Xobeh
Okawaru
Ru
Sif Muna
Trog
Vehumet
Wu Jian
Yredelemnul
Zin
The Shining One

Portals:
Trove: D:12 (give +6 ice dragon scales)

Annotations:
D:4 1 runed translucent door, Sobaton's ghost, amateur TrFi
D:7 1 runed translucent door, dandone's ghost, novice FeBe
Orc:1 Sonja


Innate Abilities, Weirdness & Mutations

You have a pair of horns on your head.
You reflexively headbutt those who attack you in melee.
[Armour fits poorly on your strangely shaped body.]


Message History

The thrashing horror roars!
The ynoxinul gestures.
Something touches you.
* * * LOW HITPOINT WARNING * * *
You feel drained.
You block the thrashing horror's attack.
The thrashing horror tramples you but does no damage.
The ancient zyme hits you but does no damage.
You block the ancient zyme's attack.
You feel ill.
The ynoxinul gestures.
You block the thrashing horror's attack.
The thrashing horror tramples you but does no damage.
A chorus of shrieks assaults your mind.
* * * LOW HITPOINT WARNING * * *
Something touches you but does no damage.
Unknown command.
The thrashing horror tramples you.
* * * LOW HITPOINT WARNING * * *
You stumble backwards!
Unknown command.
Unknown command.
Unknown command.
Unknown command.
The thrashing horror tramples you but does no damage.
You block the thrashing horror's attack.
Something touches you.
* * * LOW HITPOINT WARNING * * *
You feel drained.
* * * LOW HITPOINT WARNING * * *
The thrashing horror tramples you.
* * * LOW HITPOINT WARNING * * *
You hold your ground!
The thrashing horror tramples you but does no damage.
You can't go up here!
The thrashing horror completely misses you.
The thrashing horror tramples you but does no damage.
Something touches you but does no damage.
The thrashing horror tramples you but does no damage.
The thrashing horror tramples you.
You die...

.... .... .....
...... ........ ##
........##.
...#.........# .
..........#@#
.............X# #.
......#.##.5#
...........#X#.#
#....... ..x##...
...............###...
.......X.X...3...#
....#
.......X..XX....#.#
#### ..
.#.X.......#.#.#


You could see a tentacled monstrosity, an ancient zyme, a thrashing horror, a
ynoxinul and an ufetubus (summoned).

Vanquished Creatures
  Jorgrun (D:12)
  Gastronok (D:8)
  Fannar (D:11)
  A spriggan zombie (Abyss:1)
  Harold (D:8)
  A centaur warrior (D:12)
  Erolcha (D:11)
  7 hydras
  An anaconda (Lair:1)
  8 two-headed ogres
  2 alligators (Lair:1)
  2 death yaks (Lair:1)
  Urug (Lair:1)
  An orc high priest (Orc:1)
  Nergalle (D:11)
  A fire crab (Lair:1)
  A wretched star (Abyss:1)
  A sixfirhy (Abyss:1)
  2 bog bodies (IceCv)
  A flayed ghost (Abyss:1)
  A harpy (shapeshifter) (D:11)
  An ugly thing (IceCv)
  A cyclops (D:12)
  2 salamanders (Volcano)
  Maurice (D:8)
  2 apocalypse crabs (Abyss:1)
  A gargoyle (D:11)
  An ice statue (IceCv)
  An elephant (Lair:1)
  2 smoke demons (Abyss:1)
  2 cane toads (Lair:1)
  Maggie (Lair:1)
  A rime drake (Lair:1)
  5 komodo dragons
  3 ice devils
  A kobold demonologist (D:11)
  3 trolls
  3 large abominations (Abyss:1)
  A polar bear (Lair:1)
  A hornet (Lair:1)
  3 slime creatures (D:8)
  A meliai zombie (D:10)
  A jumping spider (Lair:2)
  Sigmund (D:5)
  A culicivora (Lair:2)
  A wraith (D:11)
  10 yaks
  2 wyverns
  A dire elephant simulacrum (IceCv)
  5 basilisks
  2 vampires
  4 steam dragons
  3 fire bats (Volcano)
  2 redbacks (Lair:2)
  3 death yak simulacra (IceCv)
  5 small abominations (Abyss:1)
  3 vampire mosquitoes (D:9)
  A neqoxec (Abyss:1)
  A warg (Orc:1)
  3 harpy simulacra
  4 acid dragons
  12 water moccasins
  3 orc warriors
  A black bear (Lair:1)
  A sky beast (D:6)
  An ogre (D:6)
  A necrophage (D:4)
  4 boggarts (D:11)
  6 wolves
  3 centaurs
  2 phantoms (D:5)
  6 kobold brigands
  Blork the orc (D:4)
  5 bullfrogs
  6 two-headed ogre simulacra (IceCv)
  A gnoll sergeant (D:10)
  2 cane toad simulacra (IceCv)
  7 scorpions
  A water moccasin zombie (D:6)
  2 water moccasin skeletons
  11 killer bees
  2 elephant simulacra (IceCv)
  5 wights (D:8)
  4 centaur zombies
  A bullfrog zombie (D:6)
  A howler monkey (D:9)
  A quasit (Abyss:1)
  A starcursed mass (Abyss:1)
  3 hounds
  5 orc priests
  A gnoll shaman (D:8)
  7 jellies
  A bullfrog skeleton (D:5)
  A centaur skeleton (D:7)
  An iron imp (Abyss:1)
  2 iguanas (D:6)
  7 orc wizards
  6 spriggan simulacra (IceCv)
  7 troll simulacra (IceCv)
  A polar bear simulacrum (IceCv)
  A killer bee zombie (D:8)
  5 wolf simulacra (IceCv)
  A howler monkey zombie (D:9)
  12 gnolls
  11 adders
  A howler monkey skeleton (D:5)
  2 naga simulacra (IceCv)
  6 river rats
  8 white imps
  9 ufetubi
  5 worms
  5 dart slugs
  24 orcs
  12 endoplasms
  8 giant cockroaches
  9 goblins
  5 hobgoblins
  5 jackals
  7 quokkas
  17 ball pythons
  11 bats
  5 frilled lizards
  27 kobolds
  9 rats
465 creatures vanquished.

Vanquished Creatures (others)
  10 fungi
  20 plants
  8 toadstools (D:8)
38 creatures vanquished.

Grand Total: 503 creatures vanquished

Notes
Turn   | Place    | Note
-------+----------+-------------------------------------------
     0 | D:1      | Peloso the Minotaur Fighter began the quest for the Orb.
     0 | D:1      | Reached XP level 1. HP: 19/19 MP: 0/0
    61 | D:1      | Found a faded altar of an unknown god.
   223 | D:1      | Reached XP level 2. HP: 27/27 MP: 1/1
  1120 | D:2      | Reached XP level 3. HP: 33/33 MP: 2/2
  1446 | D:2      | Reached skill level 3 in Long Blades
  1801 | D:3      | Found a snail-covered altar of Cheibriados.
  1804 | D:3      | Found a glowing silver altar of Zin.
  1861 | D:3      | Reached XP level 4. HP: 39/40 MP: 3/3
  2312 | D:3      | Reached skill level 4 in Long Blades
  2346 | D:3      | Noticed a kobold brigand
  2347 | D:3      | Noticed a kobold brigand
  2554 | D:3      | Killed a kobold brigand
  2555 | D:3      | Reached skill level 1 in Dodging
  2555 | D:3      | Reached XP level 5. HP: 37/47 MP: 4/4
  2685 | D:3      | Reached skill level 5 in Long Blades
  2685 | D:3      | Reached XP level 6. HP: 49/53 MP: 5/5
  3111 | D:4      | Reached skill level 5 in Armour
  3227 | D:4      | Reached skill level 5 in Fighting
  3268 | D:4      | Found a staircase to the Ecumenical Temple.
  3284 | Temple   | Entered the Ecumenical Temple
  3299 | Temple   | Became a worshipper of Warmaster Okawaru
  3344 | D:4      | Found a runed translucent door.
  3352 | D:4      | Noticed Sobaton's ghost (amateur TrFi)
  3656 | D:4      | Noticed Blork the orc
  3682 | D:4      | Killed Blork the orc
  3683 | D:4      | Reached skill level 6 in Long Blades
  4305 | D:5      | Entered Level 5 of the Dungeon
  4320 | D:5      | Reached XP level 7. HP: 41/61 MP: 6/6
  4425 | D:5      | Noticed Sigmund
  4453 | D:5      | Killed Sigmund
  4701 | D:5      | Reached * piety under Okawaru
  4702 | D:5      | Reached skill level 7 in Long Blades
  5075 | D:5      | Reached skill level 5 in Shields
  5084 | D:5      | Reached XP level 8. HP: 25/70 MP: 4/7
  5460 | D:5      | Reached skill level 8 in Long Blades
  5702 | D:6      | Found a glowing drain.
  5738 | Sewer    | Entered a sewer
  6034 | Sewer    | Reached ** piety under Okawaru
  6962 | D:6      | Found a basalt altar of Yredelemnul.
  6995 | D:6      | Noticed a two-headed ogre
  7013 | D:6      | Killed a two-headed ogre
  7014 | D:6      | Reached skill level 9 in Long Blades
  7014 | D:6      | Reached XP level 9. HP: 58/79 MP: 5/8
  7025 | D:6      | Found a blossoming altar of Fedhas.
  8328 | D:7      | Reached *** piety under Okawaru
  8329 | D:7      | Reached skill level 10 in Long Blades
  8338 | D:7      | Found a runed translucent door.
  8338 | D:7      | Noticed dandone's ghost (novice FeBe)
  8590 | D:7      | Found a sparkling altar of Nemelex Xobeh.
  8657 | D:7      | Reached skill level 1 in Stealth
  8868 | D:8      | Noticed Maurice
  8878 | D:8      | Killed Maurice
  9222 | D:8      | Reached XP level 10. HP: 62/90 MP: 9/9
  9370 | D:8      | Noticed Gastronok
  9395 | D:8      | Killed Gastronok
  9395 | D:8      | Reached **** piety under Okawaru
  9396 | D:8      | Reached skill level 11 in Long Blades
  9724 | D:8      | Noticed Harold
  9749 | D:8      | Killed Harold
  9931 | D:8      | Reached skill level 10 in Armour
 10005 | D:8      | Reached skill level 1 in Invocations
 10801 | D:7      | Reached skill level 12 in Long Blades
 11271 | D:8      | Reached ***** piety under Okawaru
 11509 | D:9      | You fall into a shaft and drop 1 floor!
 11509 | D:10     | Entered Level 10 of the Dungeon
 11672 | D:10     | Reached XP level 11. HP: 87/99 MP: 7/10
 12177 | D:10     | Noticed a two-headed ogre
 12187 | D:10     | Killed a two-headed ogre
 12188 | D:10     | Reached skill level 10 in Fighting
 12621 | D:9      | Noticed a two-headed ogre
 12626 | D:9      | Killed a two-headed ogre
 12626 | D:9      | Identified the +3 ring mail of Icatutu {rElec Dex+4}
                  | (Okawaru gifted it to you on level 9 of the Dungeon)
 12626 | D:9      | Received a gift from Okawaru
 12627 | D:9      | Reached skill level 13 in Long Blades
 12650 | D:9      | Found a glowing golden altar of the Shining One.
 12836 | D:9      | Noticed a two-headed ogre
 12845 | D:9      | Killed a two-headed ogre
 13237 | D:9      | Noticed a two-headed ogre
 13259 | D:9      | Killed a two-headed ogre
 13828 | D:11     | Found a staircase to the Lair.
 13834 | D:11     | Noticed an eight-headed hydra
 14201 | D:12     | Noticed a centaur warrior
 14211 | D:12     | Killed a centaur warrior
 14212 | D:12     | Reached skill level 14 in Long Blades
 14361 | D:12     | Found a portal to a secret trove of treasure.
 14619 | D:12     | Noticed Jorgrun
 14638 | D:12     | Killed Jorgrun
 14639 | D:12     | Reached XP level 12. HP: 110/110 MP: 10/12
 14920 | D:12     | Noticed a six-headed hydra
 14926 | D:12     | Killed a six-headed hydra
 14927 | D:12     | Reached skill level 1 in Evocations
 15643 | D:11     | Noticed a boulder beetle
 15783 | D:11     | Found a blossoming altar of Fedhas.
 15827 | D:11     | Noticed Erolcha
 15834 | D:11     | Killed Erolcha
 16016 | D:11     | Noticed Nergalle
 16018 | D:11     | Identified the +2 pair of gloves "Sionent" {rPois rF- Int+6
                  | Stlth+} (Okawaru gifted it to you on level 11 of the
                  | Dungeon)
 16018 | D:11     | Received a gift from Okawaru
 16024 | D:11     | Killed Nergalle
 16024 | D:11     | Reached ****** piety under Okawaru
 16198 | D:11     | Killed an eight-headed hydra
 16247 | D:11     | Found a staircase to the Orcish Mines.
 16305 | D:11     | Noticed Fannar
 16322 | D:11     | Killed Fannar
 16628 | Lair:1   | Entered Level 1 of the Lair of Beasts
 16751 | Lair:1   | Noticed Urug
 16756 | Lair:1   | Noticed Maggie
 16769 | Lair:1   | Killed Urug
 16777 | Lair:1   | Killed Maggie
 16889 | Lair:1   | Noticed a death yak
 16889 | Lair:1   | Noticed an alligator
 16889 | Lair:1   | Noticed an alligator
 16907 | Lair:1   | Killed an alligator
 16908 | Lair:1   | Reached skill level 15 in Long Blades
 16917 | Lair:1   | Noticed a four-headed hydra
 16917 | Lair:1   | Noticed a five-headed hydra
 16937 | Lair:1   | Killed a one-headed hydra
 16942 | Lair:1   | Killed a one-headed hydra
 16943 | Lair:1   | Reached skill level 10 in Shields
 16955 | Lair:1   | Reached XP level 13. HP: 119/119 MP: 13/13
 16985 | Lair:1   | Reached skill level 5 in Dodging
 17120 | Lair:1   | Received a gift from Okawaru
 18079 | Lair:2   | You fall into a shaft and drop 1 floor!
 18117 | Lair:2   | Found a dark tunnel.
 18124 | Volcano  | Entered a volcano
 18399 | Lair:2   | Found a frozen archway.
 18423 | IceCv    | Entered an ice cave
 18617 | IceCv    | Reached skill level 16 in Long Blades
 18970 | IceCv    | Identified the +6 chain mail "Qyruupuc" {Will+ Str+4 Int+2}
                  | (Okawaru gifted it to you in an ice cave)
 18970 | IceCv    | Received a gift from Okawaru
 19108 | IceCv    | Identified the +13 plate armour "Eboiddo" {rN+}
 20062 | Lair:2   | Found a hole to the Spider Nest.
 20459 | Orc:1    | Entered Level 1 of the Orcish Mines
 20505 | Orc:1    | Noticed Sonja
 20522 | Orc:1    | Cast into level 1 of the Abyss (Sonja)
 20621 | Abyss:1  | Noticed a starcursed mass
 20796 | Abyss:1  | Noticed a starcursed mass
 20813 | Abyss:1  | Paralysed by accursed screaming for 2 turns
 20944 | Abyss:1  | Noticed a bone dragon
 20974 | Abyss:1  | Noticed a lich
 21003 | Abyss:1  | Noticed a tentacled monstrosity
 21050 | Abyss:1  | Found a corrupted altar of Lugonu.
 21056 | Abyss:1  | Noticed a starcursed mass
 21069 | Abyss:1  | HP: 6/120 [something (1)]
 21069 | Abyss:1  | HP: 2/120 [thrashing horror (4)]
 21070 | Abyss:1  | Slain by a thrashing horror

Illustrated notes

Levels and vault maps discovered:
D:1:      sevenhm_arrival_forest_fort_small_3, layout_loops_corners,
          dreamdust_ecumenical_altar_grove, hangedman_abyss_or_decor_lesser_grid
D:2:      layout_loops_ring, minmay_misc_feat_secret_circle
D:3:      cheibrodos_thug_alley, layout_basic, nicolae_overflow_hidden_temple
D:4:      layout_loops_cross, minmay_temple_entry_offerings,
          ebering_ghost_sewer_d, serial_co_window_serial, co_window_paths_a,
          co_window_of_opportunity_a, co_window_corner_a, co_window_corner_a,
          co_window_of_opportunity_a, co_window_corner_a, co_window_corner_a,
          co_window_unsneaky_path_b, co_window_unsneaky_path_c,
          co_window_2corner, co_window_corner_ca, co_window_of_opportunity_b,
          co_window_unsneaky_path_c, co_window_of_opportunity_c,
          glass_columns_a, corexii_shack, uniq_blork_the_orc
D:5:      layout_loops_ring, columned_hall_lemuel, minmay_between, uniq_sigmund
D:6:      layout_basic, mainiacjoe_overflow_24_doors,
          mainiacjoe_overflow_brackets, portal_sewer_entry_b
D:7:      layout_basic, nemelex_altar_shiori, hellmonk_ghost_happy_afterlife
D:8:      cheibrodos_fertilizer, layout_cave_pools, uniq_harold, uniq_maurice,
          uniq_gastronok
D:9:      layout_loops_ring, tso_altar
D:10:     layout_irregular_city
D:11:     layout_loops_corners, minmay_lair_entry_grove, orc_0_dummy,
          fedhas_altar_2, uniq_erolcha, uniq_nergalle, uniq_fannar
D:12:     layout_stronghold, nicolae_trove_entry_free_sample, uniq_jorgrun
Temple:   zaba_magenta_temple
Lair:1:   layout_hall_layers, nicolae_lair_lakeside_cave, uniq_urug, uniq_maggie
Lair:2:   layout_misc_corridors, spider_nest_entry_funnel_web,
          portal_ice_cave_demonic_guard, nicolae_volcano_entry_hallway
Lair:3:   hellmonk_destroyed_diamonds, layout_hall_layers
Orc:1:    layout_caves, uniq_sonja
Abyss:1:  base: Lair:5, evilmike_abyss_exit_vortex, evilmike_abyss_exit_15,
          minivault_22, minivault_22

Skill      XL: |  1  2  3  4  5  6  7  8  9 10 11 12 13 |
---------------+----------------------------------------+-----
Armour         | 4 5 6 7 9 10 12 13 14 | 14.5
Fighting       | 4 5 7 8 9 11 12 13 | 13.7
Long Blades    | 3 4 5 6 7 9 10 12 14 15 16 | 16.4
Shields        | 4 5 6 7 8 10 11 | 11.4
Dodging        | 1 2 3 4 5 |  5.4
Stealth        | 1 2 3 |  3.6
Invocations    | 1 2 |  2.9
Evocations     | 2 |  2.7

Action                   |  1- 3 |  4- 6 |  7- 9 | 10-12 | 13-15 || total
-------------------------+-------+-------+-------+-------+-------++-------
Melee: Long sword        |    88 |   140 |   288 |   512 |    84 ||  1112
       Headbutt          |    10 |    30 |    71 |   141 |    96 ||   348
       Double sword      |       |       |       |    21 |   319 ||   340
Invok: Heroism           |       |       |     4 |    20 |     8 ||    32
Evoke: Wand              |       |       |     2 |    18 |     4 ||    24
  Use: Scroll            |       |     3 |       |    12 |     6 ||    21
       Potion            |       |       |     3 |     3 |     1 ||     7
 Stab: Paralysed         |       |       |     3 |     2 |       ||     5
Armor: Scale mail        |    49 |     4 |       |       |       ||    53
       Chain mail        |       |    59 |   218 |   296 |   276 ||   849
Dodge: Dodged            |    54 |    39 |   152 |   217 |   118 ||   580
Block: Buckler           |    25 |    39 |    92 |   144 |       ||   300
       Kite shield       |       |       |       |    23 |   119 ||   142
       Tower shield      |       |       |       |       |   200 ||   200
